 Dungeon Crawl Stone Soup version 0.17-a0-1011-gfa70bdd (webtiles) character file.

3752 oplop the Geomancer (level 9, -3/73 HPs)
             Began as a Deep Dwarf Earth Elementalist on May 13, 2015.
             Was an Initiate of Makhleb.
             Slain by a gnoll
             ... wielding a +0 halberd
              (7 damage)
             ... on level 8 of the Dungeon.
             The game lasted 00:19:04 (6945 turns).

oplop the Geomancer (Deep Dwarf Earth Elementalist) Turns: 6945, Time: 00:19:04

Health: -3/73      AC:  8    Str: 12    XL:     9   Next: 93%
Magic:  1/16       EV:  9    Int: 19    God:    Makhleb [......]
Gold:   371        SH:  0    Dex: 13    Spells: 6 memorised, 4 levels left

rFire  . . .     SeeInvis .     a - 126 stones
rCold  + . .     Clarity  .     C - +2 robe {rC+}
rNeg   . . .     SustAb   .     (no shield)
rPois  +         Gourm    .     j - +1 helmet
rElec  .         Spirit   .     m - +0 cloak
rCorr  .         Warding  .     (no gloves)
rMut   .         Stasis   .     f - +0 pair of boots
MR     +....                    (no amulet)
Stlth  ++........               I - +3 ring of slaying
                                x - ring of poison resistance (curse)

@: non-regenerating, somewhat resistant to hostile enchantments, unstealthy
A: damage resistance, recharge devices, blink 1, frail 1, low mp 1, sense
surroundings 2, slow healing 3
a: Device Recharging, Blink, Renounce Religion


You were on level 8 of the Dungeon.
You worshipped Makhleb.
Makhleb was noncommittal.
You were not hungry.

You visited 2 branches of the dungeon, and saw 9 of its levels.

You collected 371 gold pieces.

Inventory:

Hand weapons
 b - a +0 whip of electrocution
 g - a +0 dagger
 l - a +0 whip of freezing
Missiles
 a - 126 stones (in hand)
Armour
 f - a +0 pair of boots (worn)
 j - a +1 helmet (worn)
 m - a +0 cloak (worn)
 B - a +0 robe
 C - a +2 robe of cold resistance (worn)
Magical staves
 J - an uncursed staff of power
Jewellery
 q - an uncursed ring of fire
 t - an uncursed ring of protection from cold
 w - an uncursed ring of protection from fire
 x - a cursed ring of poison resistance (left hand)
 I - a +3 ring of slaying (right hand)
Magical devices
 d - a wand of heal wounds (3)
 n - a wand of magic darts (22)
 u - a wand of random effects (19)
 z - a wand of confusion (19)
 H - a wand of invisibility (5)
 L - a wand of fireball (8)
 M - a wand of polymorph (10)
Scrolls
 i - a scroll of enchant armour
 p - 4 scrolls of remove curse
 y - a scroll of fear
 A - 3 scrolls of teleportation
 K - a scroll of acquirement {unknown}
 O - a scroll of enchant weapon {unknown}
Potions
 e - 3 potions of brilliance
 h - a potion of agility
 k - a potion of berserk rage
 r - 2 potions of curing {unknown}
 s - a potion of mutation {unknown}
 v - a potion of cancellation {unknown}
 D - a potion of flight {unknown}
 E - a potion of heal wounds {unknown}
 G - a potion of haste {unknown}
Books
 c - a book of Geomancy

   Spells                             Type                      Level
   a - Sandblast                      Earth                        1
   b - Stoneskin                      Transmutation/Earth          2
   c - Passwall                       Transmutation/Earth          3
   d - Stone Arrow                    Conjuration/Earth            3
   e - Petrify                        Transmutation/Earth          4
   f - Lee's Rapid Deconstruction     Earth                        5
Comestibles
 o - 5 bread rations
 F - 6 fruits
 N - 2 chunks of flesh


   Skills:
 - Level 5.9 Fighting
 + Level 3.1 Maces & Flails
 + Level 4.9 Dodging
 - Level 2.4 Stealth
 + Level 7.1 Spellcasting
 - Level 0.8 Transmutations
 + Level 11.1 Earth Magic


You had 4 spell levels left.
You knew the following spells:

 Your Spells              Type           Power        Failure   Level  Hunger
a - Sandblast             Erth           #####.       1%          1    None
b - Stoneskin             Trmt/Erth      ####....     1%          2    None
c - Stone Arrow           Conj/Erth      ####..       3%          3    #......
d - Passwall              Trmt/Erth      ####......   2%          3    #......
e - Petrify               Trmt/Erth      ####....     12%         4    ###....
f - Lee's Rapid Deconstr  Erth           #####.....   3%          5    #####..


Dungeon Overview and Level Annotations

Branches:
Dungeon (8/15)             Temple (1/1) D:6
   Lair: D:8-11

Altars:
Ashenzari
Cheibriados
Dithmenos
Elyvilon
Fedhas
Gozag
Kikubaaqudgha
Makhleb
Nemelex Xobeh
Okawaru
Qazlal
Sif Muna
Trog
Vehumet
Xom
Yredelemnul
Zin
The Shining One


Innate Abilities, Weirdness & Mutations

You are resistant to damage.
You can recharge devices by infusing magical energy.
You passively map the area around you.
You do not heal naturally.
You can translocate small distances at will.
You are frail (-10% HP).
Your magical capacity is low (-10% MP).


Message History

Confirm with . or Enter, or press ? or * to list all spells.
Aiming: Sandblast
Press: ? - help, Shift-Dir - straight line, f - gnoll
Aim: a gnoll (severely wounded)
The rocky blast hits the gnoll.
You kill the gnoll!
Makhleb accepts your kill.
Casting: Sandblast
Confirm with . or Enter, or press ? or * to list all spells.
You don't have enough magic to cast that spell.
Unknown command.
Evoke which item? (* to show all) (? for menu, Esc to quit)
Zapping:
z - a wand of confusion (will waste charges)
Press: ? - help, Shift-Dir - straight line, f - hell rat
Aim: a hell rat (chance to defeat MR: 46%)
The hell rat appears confused.
Evoking this partially-identified wand wasted a few charges.
There is a stone staircase leading up here.
The gnoll hits you from afar with a halberd!
You die...

,.......# .# *
###. #...###.#####
.... #............
.?..##....รท..# **
##.......#########
..........)..r...#
........)#######.#
........>....gg..#
..........######@#
..........# #.#
..........# #.#
..........# #.#
..........# #.#
....##.#######*#.#
.............. ..#
....##.####### ###
.......#


You could see 2 gnolls.

Vanquished Creatures
  Pikel (D:5)
  The ghost of Hanyuu the Insei, an experienced OpTm of Makhleb (D:6)
  The ghost of Viceroy the Covert, an average OpAs of Gozag (D:4)
  Sigmund (D:3)
  A hippogriff (D:7)
  Grum (D:8)
  3 wolves (D:8)
  A sky beast (D:6)
  The ghost of JetFlynn the Chopper, an average HOBe of Trog (D:3)
  A centaur (D:5)
  3 ogres
  A giant frog (D:6)
  A scorpion (D:4)
  9 killer bees (D:7)
  4 hounds
  2 crimson imps (D:6)
  A centaur zombie (D:6)
  A gnoll shaman (D:6)
  A jelly (D:5)
  Crazy Yiuf (D:2)
  3 orc wizards
  An iguana (D:7)
  4 worker ants
  2 hound skeletons
  A worker ant zombie (D:5)
  Robin (D:2)
  18 gnolls
  7 adders
  A shadow imp (D:6)
  2 oozes
  An adder skeleton (D:6)
  2 giant geckos
  8 orcs
  2 ball pythons
  A giant cockroach (D:4)
  20 goblins
  12 hobgoblins
  4 jackals (D:2)
  5 kobolds
  21 bats
  7 giant newts
  A jackal skeleton (D:5)
  3 quokkas
  A quokka skeleton (D:7)
  A quokka zombie (D:7)
  5 rats
  A butterfly (D:6)
171 creatures vanquished.

Vanquished Creatures (others)
  A fungus (D:2)
1 creature vanquished.

Grand Total: 172 creatures vanquished

Notes
Turn   | Place    | Note
--------------------------------------------------------------
     0 | D:1      | oplop the Deep Dwarf Earth Elementalist began the quest for the Orb.
     0 | D:1      | Reached XP level 1. HP: 15/15 MP: 3/3
    80 | D:1      | Reached XP level 2. HP: 22/24 MP: 0/4
   689 | D:1      | Reached skill level 1 in Fighting
   850 | D:2      | Noticed Robin
   934 | D:2      | Killed Robin
   934 | D:2      | Reached XP level 3. HP: 14/31 MP: 2/6
  1397 | D:2      | Reached skill level 5 in Earth Magic
  1462 | D:2      | Reached XP level 4. HP: 8/38 MP: 0/7
  1820 | D:2      | Noticed Crazy Yiuf
  1842 | D:2      | Killed Crazy Yiuf
  2154 | D:3      | Found a stormy altar of Qazlal.
  2160 | D:3      | Found a sparkling altar of Nemelex Xobeh.
  2164 | D:3      | Found a basalt altar of Yredelemnul.
  2222 | D:3      | Noticed an ogre
  2240 | D:3      | Killed an ogre
  2240 | D:3      | Reached XP level 5. HP: 17/46 MP: 4/9
  2436 | D:3      | Noticed JetFlynn's ghost (average HOBe)
  2441 | D:3      | Killed JetFlynn's ghost
  2441 | D:3      | Reached skill level 6 in Earth Magic
  2441 | D:3      | Reached XP level 6. HP: 45/55 MP: 5/11
  2548 | D:3      | Noticed Sigmund
  2556 | D:3      | Killed Sigmund
  2841 | D:4      | Learned a level 2 spell: Stoneskin
  2845 | D:4      | Learned a level 3 spell: Stone Arrow
  2849 | D:4      | Learned a level 3 spell: Passwall
  3139 | D:4      | Reached skill level 7 in Earth Magic
  3139 | D:4      | Reached XP level 7. HP: 18/62 MP: 0/13
  3340 | D:4      | Noticed Viceroy's ghost (average OpAs)
  3372 | D:4      | Killed Viceroy's ghost
  3595 | D:4      | Found an ancient bone altar of Kikubaaqudgha.
  3713 | D:5      | Entered Level 5 of the Dungeon
  3834 | D:5      | Reached skill level 8 in Earth Magic
  4042 | D:5      | Reached XP level 8. HP: 44/73 MP: 12/15
  4236 | D:5      | Reached skill level 5 in Spellcasting
  4275 | D:5      | Noticed Pikel
  4297 | D:5      | Killed Pikel
  4297 | D:5      | Reached skill level 5 in Fighting
  4297 | D:5      | Reached skill level 9 in Earth Magic
  4570 | D:6      | Noticed Hanyuu's ghost (experienced OpTm)
  4574 | D:6      | Killed Hanyuu's ghost
  4646 | D:6      | Gained mutation: You passively map the area around you. [Deep Dwarf growth]
  4646 | D:6      | Reached XP level 9. HP: 30/82 MP: 15/18
  4838 | D:6      | Learned a level 5 spell: Lee's Rapid Deconstruction
  4843 | D:6      | Learned a level 4 spell: Petrify
  5045 | D:6      | Found a staircase to the Ecumenical Temple.
  5140 | D:6      | Reached skill level 10 in Earth Magic
  5152 | D:6      | Gained mutation: You can translocate small distances at will. [mutagenic meat]
  5153 | D:6      | Gained mutation: Your magical capacity is low (-10% MP). [mutagenic meat]
  5155 | D:6      | Gained mutation: You are frail (-10% HP). [mutagenic meat]
  5502 | D:7      | Found a shimmering altar of Xom.
  5503 | D:7      | Found a snail-covered altar of Cheibriados.
  5514 | D:7      | Found a bloodstained altar of Trog.
  5582 | D:7      | Found a deep blue altar of Sif Muna.
  5742 | D:7      | Reached skill level 1 in Maces & Flails
  5834 | D:7      | Found a white marble altar of Elyvilon.
  6275 | D:7      | Found an iron altar of Okawaru.
  6550 | Temple   | Entered the Ecumenical Temple
  6650 | Temple   | Became a worshipper of Makhleb the Destroyer
  6862 | D:8      | Noticed Grum
  6915 | D:8      | Reached skill level 11 in Earth Magic
  6922 | D:8      | Killed Grum
  6945 | D:8      | Slain by a gnoll

Vault maps used:
D:1:      minmay_arrival_radiant_lines
D:2:      uniq_crazy_yiuf_cottage, uniq_robin
D:3:      minmay_overflow_temple_star_quad, first_bread, uniq_sigmund
D:4:      kiku_gazebo_pond_becter
D:5:      kennysheep_generic_room_2, uniq_pikel
D:6:      minmay_temple_entry_butterflies
D:7:      kennysheep_little_box, elyvilon_altar_5,
          nicolae_overflow_hidden_temple
D:8:      dpeg_lair_monsters, serial_shops,
          nicolae_shop_competitors_out_of_business,
          nicolae_shop_competitors_out_of_business, shop, hangedman_tree_tricks,
          minmay_misc_feat_enclosed, fedhas_altar_2, uniq_grum
Temple:   circular_temple_pool_8

Action                   |  1- 3 |  4- 6 |  7- 9 || total
-------------------------+-------+-------+-------++-------
Melee: Unarmed           |     8 |    11 |     3 ||    22
       Dagger            |    22 |       |       ||    22
       Whip              |       |       |    91 ||    91
Throw: Stone             |     1 |       |     2 ||     3
 Cast: Sandblast         |    63 |    77 |   134 ||   274
       Stone Arrow       |       |     1 |    23 ||    24
       Stoneskin         |       |       |     4 ||     4
       Lee's Rapid Decon |       |       |     6 ||     6
 Abil: Device Recharging |       |       |     1 ||     1
Evoke: Wand              |       |     2 |     5 ||     7
  Use: Scroll            |       |     3 |     6 ||     9
  Eat: Chunk             |     2 |     4 |     9 ||    15
       Beef jerky        |       |     1 |     1 ||     2
       Bread ration      |       |       |     1 ||     1
       Pizza             |       |       |     1 ||     1
       Meat ration       |       |       |     1 ||     1
